Pick #1

Connor Bedard
Pick #2

Leo Carlsson
Pick #3

Adam Fantilli
Pick #4

Matvei Michkov
Pick #5

David Reinbacher
Pick #6

William Smith
Pick #7

Zachary Benson
Pick #8

Ryan Leonard
Pick #9

Gabriel Perreault
Pick #10

Axel Sandin-Pellika
Pick #11

Daniil But
Pick #12

Dalibor Dvorsky
Pick #13

Quentin Musty
Pick #14

Brayden Yager
Pick #15

Dmitry Simashev
Pick #16

Colby Barlow
Pick #17

Andrew Cristall
Pick #18

Easton Cowan
Pick #19

Jacob Fowler
Pick #20

Oliver Moore
Pick #21

Oliver Bonk
Pick #22

Tom Willander
Pick #23

Calum Ritchie
Pick #24

Tanner Molendyk
Pick #25

Gavin Brindley
Pick #26

Nate Danielson
Pick #27

Pick #28

Pick #29

Pick #30

Pick #31

Pick #32

Pick #33

Pick #34

Pick #35

Pick #36

Pick #37

Pick #38

Pick #39

Pick #40

Pick #41

Pick #42

Pick #43

Pick #44

Pick #45

Pick #46

Pick #47

Pick #48

Pick #49

Pick #50

Pick #51

Pick #52

Pick #53

Pick #54

Pick #55

Pick #56

Pick #57

Pick #58

Pick #59

Pick #60

Pick #61

Pick #62

Pick #63

Pick #64

Pick #65

Pick #66

Pick #67

Pick #68

Pick #69

Pick #70

Pick #71

Pick #72

Pick #73

Pick #74

Pick #75

Pick #76

Pick #77

Pick #78

Pick #79

Pick #80

Pick #81

Pick #82

Pick #83

Pick #84

Pick #85

Pick #86

Pick #87

Pick #88

Pick #89

Pick #90

Pick #91

Pick #92

Pick #93

Pick #94

Pick #95

Pick #96

Pick #97

Pick #98

Pick #99

Pick #100

Pick #101

Pick #102

Pick #103

Pick #104

Pick #105

Pick #106

Pick #107

Pick #108

Pick #109

Pick #110

Pick #111

Pick #112

Pick #113

Pick #114

Pick #115

Pick #116

Pick #117

Pick #118

Pick #119

Pick #120

Pick #121

Pick #122

Pick #123

Pick #124

Pick #125

Pick #126

Pick #127

Pick #128

Pick #129

Pick #130

Full Scoreboard »»

Rangers vs MapleLeafs (R4)

Created - November 8, 2023 at 21:22

Goals
1 2 3 T
Rangers 3 1 1 5
MapleLeafs 0 2 0 2
Shots
1 2 3 T
Rangers 13 13 7 33
MapleLeafs 13 7 8 28

GoalsPenalties
1st period
1. Rangers , Kent Johnson 3 (Nathan Walker 2) at 2:33
2. Rangers , Eric Robinson 6 (Riley Stillman 3, Jesse Puljujarvi 11) at 16:14
3. Rangers , Logan Brown 1 (Jakub Lauko 1, Luke Schenn 3) at 19:55
Trent Frederic (TOR) for Cross-checking (Minor) at 3:20
Juuso Parssinen (NYR) for High sticking (Minor) at 8:49
Mario Ferraro (NYR) for Cross-checking (Minor) at 10:52
Jon Marchessault (TOR) for Hooking (Minor) at 13:45
2nd period
4. MapleLeafs , Nicolas Hague 1 (Dylan DeMelo 1, Drake Batherson 3) at 2:42 (PP)
5. MapleLeafs , Yegor Chinakhov 2 (Sean Monahan 3, Kasperi Kapanen 3) at 11:17
6. Rangers , Logan Brown 2 (Mario Ferraro 9, Kieffer Bellows 2) at 14:19
Ryan Reaves (NYR) for Slashing (Minor) at 1:32
Erik Cernak (TOR) for Tripping (Minor) at 6:43
3rd period
7. Rangers , Nathan Walker 1 (Riley Stillman 4) at 15:45
Filip Chytil (TOR) for Interference (Minor) at 1:17
Dylan DeMelo (TOR) for Interference (Minor) at 5:49
Goalie Stats
Arturs Silovs (NYR), 26 saves from 28 shots - (0.929), W, 1-0-0, 60:00 minutes
Alex Nedeljkovic (TOR), 28 saves from 33 shots - (0.848), L, 2-3-0, 60:00 minutes
3 StarsOfficial
1 - Logan Brown (NYR)
2 - Riley Stillman (NYR)
3 - Nathan Walker (NYR)
Referees : Brandon Blandina and Chris Rooney
Linesman : Brent Colby and Kyle Larson
Game Note
No Game Note
Finance
Level 1 -- Attendance: 6214 (95.60%) -- Ticket Income $683,540
Level 2 -- Attendance: 4513 (90.26%) -- Ticket Income $406,170
Level 3 -- Attendance: 3267 (93.34%) -- Ticket Income $212,355
Level 4 -- Attendance: 2819 (100.00%) -- Ticket Income $112,760
Luxury Box -- Attendance: 950 (95.00%) -- Ticket Income $209,000
Game was played at the Air Canada Center.
Total Attendance: 17763 (94.39%)
Total Ticket Income: $1,623,825
Other Income: $405,956
Total Income: $2,029,781



Team Name Goals Shots Shots Attemp Shots Blocked PIM HIT PP PK FO%
Rangers 53367146250 / 5 (0%)141%
MapleLeafs 228621110231 / 3 (33%)059%

Rangers
Player Name POS G A P +/- PIM HIT SHT SB MP PP MP PP SHT PK MP PK SHT FO% FOT
Adam ErneLW000-1013013:040:0000:0000% 1
Artem ZubD0000025120:554:2742:2900% 0
Caleb JonesD0000012320:554:2712:2910% 0
Eric RobinsonLW1011003014:090:0000:0000% 1
Jakub LaukoC0112012013:274:4300:00017% 6
Jesse PuljujarviRW0111023014:090:0000:0000% 1
Juuso ParssinenC0001201119:205:1210:00055% 20
Kent JohnsonC1012012011:280:0002:28036% 14
Kieffer BellowsLW0112011016:365:1202:40133% 3
Logan BrownC2024012120:080:0002:24050% 20
Luke KuninC000-1032013:200:0000:16033% 15
Luke SchennD0112041023:565:2802:3900% 0
Mario FerraroD0112202422:525:2811:3600% 0
Nathan WalkerLW1122013016:405:1212:28075% 4
Nick PerbixD0002010116:120:0001:0300% 0
Riley StillmanD0222041315:090:0000:0000% 0
Ryan LombergLW000002004:434:4300:0000% 2
Ryan ReavesRW000-1200017:464:4300:0000% 1
MapleLeafs
Player Name POS G A P +/- PIM HIT SHT SB MP PP MP PP SHT PK MP PK SHT FO% FOT
Alexander RomanovD0000020120:440:0005:4000% 0
Alexander WennbergC000-1003124:282:3706:21056% 32
Drake BathersonRW011-1034018:592:3120:00050% 2
Dylan DeMeloD011-1220221:172:0704:3100% 0
Erik CernakD000-1231221:363:0113:5600% 0
Evgeny KuznetsovC000-1032122:182:3113:19071% 24
Filip ChytilC000-1201018:582:3100:000100% 1
John MarinoD0000010020:160:0005:1200% 0
Jon MarchessaultLW/RW000-1223018:212:3710:1500% 0
Jonatan BerggrenRW000001103:360:0000:0000% 0
Jonathan HuberdeauC000-1004021:262:3713:19150% 2
Kasperi KapanenRW011-200009:230:0000:0000% 1
Nicolas HagueD101-3011117:512:0710:3100% 0
Noel AcciariC0000011110:120:0006:36038% 16
Rasmus SandinD000-3023218:143:0120:0000% 0
Sean MonahanC011-200309:230:0000:00078% 9
Trent FredericC000021003:350:0000:0000% 0
Yegor ChinakhovRW101-201109:230:0000:000100% 1



Play-by-Play

1st period


0:01 of 1st period - Juuso Parssinen wins face-off versus Alexander Wennberg in neutral zone.
0:20 of 1st period - Shot by John Marino.
0:20 of 1st period - Shot Misses the Net.
1:15 of 1st period - Shot by Drake Batherson.
1:15 of 1st period - Shot Blocked by Caleb Jones.
1:33 of 1st period - Shot by Filip Chytil.
1:33 of 1st period - Stopped by Arturs Silovs with a rebound.
2:33 of 1st period - Shot by Kent Johnson.
2:33 of 1st period - Goal by Kent Johnson - Rangers : 1 - MapleLeafs : 0.
2:34 of 1st period - Logan Brown wins face-off versus Noel Acciari in neutral zone.
2:45 of 1st period - Shot by Jakub Lauko.
2:45 of 1st period - Stopped by Alex Nedeljkovic without a rebound.
2:46 of 1st period - Alexander Wennberg wins face-off versus Eric Robinson in MapleLeafs zone.
3:01 of 1st period - Shot by Alexander Wennberg.
3:01 of 1st period - Stopped by Arturs Silovs without a rebound.
3:02 of 1st period - Evgeny Kuznetsov wins face-off versus Kieffer Bellows in Rangers zone.
3:03 of 1st period - Shot by Drake Batherson.
3:03 of 1st period - Stopped by Arturs Silovs without a rebound.
3:04 of 1st period - Evgeny Kuznetsov wins face-off versus Logan Brown in Rangers zone.
3:18 of 1st period - Icing by Luke Schenn.
3:19 of 1st period - Logan Brown wins face-off versus Noel Acciari in Rangers zone.
3:19 of 1st period - Logan Brown is hit by Noel Acciari.
3:20 of 1st period - Minor Penalty to Trent Frederic for Cross-checking.
3:21 of 1st period - Juuso Parssinen wins face-off versus Noel Acciari in MapleLeafs zone.
3:42 of 1st period - Shot by Juuso Parssinen.
3:42 of 1st period - Deflect By Nathan Walker.
3:42 of 1st period - Stopped by Alex Nedeljkovic without a rebound.
3:43 of 1st period - Alexander Wennberg wins face-off versus Jakub Lauko in MapleLeafs zone.
4:05 of 1st period - Caleb Jones is hit by Dylan DeMelo and loses puck.
4:24 of 1st period - Shot by Caleb Jones.
4:24 of 1st period - Stopped by Alex Nedeljkovic without a rebound.
4:25 of 1st period - Juuso Parssinen wins face-off versus Noel Acciari in MapleLeafs zone.
5:23 of 1st period - Sean Monahan is hit by Riley Stillman and loses puck.
5:47 of 1st period - Shot by Rasmus Sandin.
5:47 of 1st period - Shot Blocked by Riley Stillman.
5:54 of 1st period - Riley Stillman is hit by Rasmus Sandin and loses puck.
6:00 of 1st period - Icing by Rasmus Sandin.
6:01 of 1st period - Logan Brown wins face-off versus Sean Monahan in MapleLeafs zone.
6:30 of 1st period - Shot by Logan Brown.
6:30 of 1st period - Deflect By Kieffer Bellows.
6:30 of 1st period - Shot Misses the Net.
6:32 of 1st period - Shot by Artem Zub.
6:32 of 1st period - Stopped by Alex Nedeljkovic without a rebound.
6:33 of 1st period - Alexander Wennberg wins face-off versus Juuso Parssinen in MapleLeafs zone.
6:54 of 1st period - Shot by Jonathan Huberdeau.
6:54 of 1st period - Stopped by Arturs Silovs without a rebound.
6:55 of 1st period - Filip Chytil wins face-off versus Kent Johnson in Rangers zone.
7:50 of 1st period - Icing by Nick Perbix.
7:51 of 1st period - Alexander Wennberg wins face-off versus Kent Johnson in Rangers zone.
7:51 of 1st period - Jon Marchessault is hit by Riley Stillman and loses puck.
7:56 of 1st period - Shot by Jon Marchessault.
7:56 of 1st period - Stopped by Arturs Silovs without a rebound.
7:57 of 1st period - Alexander Wennberg wins face-off versus Jesse Puljujarvi in Rangers zone.
8:49 of 1st period - Minor Penalty to Juuso Parssinen for High sticking.
8:50 of 1st period - Evgeny Kuznetsov wins face-off versus Logan Brown in Rangers zone.
9:09 of 1st period - Shot by Rasmus Sandin.
9:09 of 1st period - Stopped by Arturs Silovs with a rebound.
9:11 of 1st period - Shot by Rasmus Sandin.
9:11 of 1st period - Shot Misses the Net.
9:13 of 1st period - Shot by Rasmus Sandin.
9:13 of 1st period - Stopped by Arturs Silovs without a rebound.
9:14 of 1st period - Kent Johnson wins face-off versus Evgeny Kuznetsov in Rangers zone.
9:33 of 1st period - Shot by Caleb Jones.
9:33 of 1st period - Stopped by Alex Nedeljkovic without a rebound.
9:34 of 1st period - Logan Brown wins face-off versus Alexander Wennberg in MapleLeafs zone.
9:49 of 1st period - Shot by Rasmus Sandin.
9:49 of 1st period - Shot Misses the Net.
9:58 of 1st period - Off-side.
9:59 of 1st period - Nathan Walker wins face-off versus Evgeny Kuznetsov in neutral zone.
10:43 of 1st period - Shot by Kieffer Bellows.
10:43 of 1st period - Stopped by Alex Nedeljkovic without a rebound.
10:44 of 1st period - Alexander Wennberg wins face-off versus Kent Johnson in MapleLeafs zone.
10:44 of 1st period - Alexander Wennberg is hit by Kent Johnson.
10:50 of 1st period - Shot by Noel Acciari.
10:50 of 1st period - Stopped by Arturs Silovs without a rebound.
10:51 of 1st period - Alexander Wennberg wins face-off versus Luke Kunin in Rangers zone.
10:51 of 1st period - Alexander Wennberg is hit by Luke Schenn.
10:52 of 1st period - Minor Penalty to Mario Ferraro for Cross-checking.
10:53 of 1st period - Nathan Walker wins face-off versus Alexander Wennberg in Rangers zone.
10:59 of 1st period - Icing by Alexander Wennberg.
11:00 of 1st period - Alexander Wennberg wins face-off versus Kent Johnson in MapleLeafs zone.
11:13 of 1st period - Shot by Erik Cernak.
11:13 of 1st period - Stopped by Arturs Silovs without a rebound.
11:14 of 1st period - Evgeny Kuznetsov wins face-off versus Logan Brown in Rangers zone.
11:43 of 1st period - Shot by Evgeny Kuznetsov.
11:43 of 1st period - Stopped by Arturs Silovs with a rebound.
11:45 of 1st period - Shot by Drake Batherson.
11:45 of 1st period - Shot Misses the Net.
11:55 of 1st period - Shot by Dylan DeMelo.
11:55 of 1st period - Shot Misses the Net.
11:57 of 1st period - Shot by Drake Batherson.
11:57 of 1st period - Stopped by Arturs Silovs without a rebound.
11:58 of 1st period - Kieffer Bellows wins face-off versus Alexander Wennberg in Rangers zone.
12:15 of 1st period - Shot by Jon Marchessault.
12:15 of 1st period - Stopped by Arturs Silovs without a rebound.
12:16 of 1st period - Logan Brown wins face-off versus Alexander Wennberg in Rangers zone.
12:36 of 1st period - Icing by Alexander Wennberg.
12:37 of 1st period - Kent Johnson wins face-off versus Alexander Wennberg in MapleLeafs zone.
12:52 of 1st period - Shot by Alexander Wennberg.
12:52 of 1st period - Shot Misses the Net.
12:55 of 1st period - Icing by Artem Zub.
12:56 of 1st period - Evgeny Kuznetsov wins face-off versus Luke Kunin in Rangers zone.
12:56 of 1st period - Evgeny Kuznetsov is hit by Artem Zub.
12:59 of 1st period - Drake Batherson is hit by Artem Zub and loses puck.
13:24 of 1st period - Shot by Filip Chytil.
13:24 of 1st period - Shot Misses the Net.
13:45 of 1st period - Minor Penalty to Jon Marchessault for Hooking.
13:46 of 1st period - Noel Acciari wins face-off versus Juuso Parssinen in MapleLeafs zone.
14:08 of 1st period - Mario Ferraro is hit by Erik Cernak and loses puck.
14:47 of 1st period - Shot by Artem Zub.
14:47 of 1st period - Shot Blocked by Dylan DeMelo.
14:49 of 1st period - Shot by Artem Zub.
14:49 of 1st period - Stopped by Alex Nedeljkovic without a rebound.
14:50 of 1st period - Evgeny Kuznetsov wins face-off versus Jakub Lauko in MapleLeafs zone.
15:07 of 1st period - Shot by Alexander Wennberg.
15:07 of 1st period - Shot Misses the Net.
15:13 of 1st period - Dylan DeMelo is hit by Ryan Lomberg and loses puck.
15:18 of 1st period - Shot by Artem Zub.
15:18 of 1st period - Stopped by Alex Nedeljkovic without a rebound.
15:19 of 1st period - Juuso Parssinen wins face-off versus Evgeny Kuznetsov in MapleLeafs zone.
15:24 of 1st period - Shot by Mario Ferraro.
15:24 of 1st period - Stopped by Alex Nedeljkovic without a rebound.
15:25 of 1st period - Evgeny Kuznetsov wins face-off versus Kieffer Bellows in MapleLeafs zone.
16:10 of 1st period - Shot by Jesse Puljujarvi.
16:10 of 1st period - Shot Misses the Net.
16:14 of 1st period - Shot by Eric Robinson.
16:14 of 1st period - Goal by Eric Robinson - Rangers : 2 - MapleLeafs : 0.
16:15 of 1st period - Evgeny Kuznetsov wins face-off versus Logan Brown in neutral zone.
16:35 of 1st period - Shot by Evgeny Kuznetsov.
16:35 of 1st period - Deflect By Drake Batherson.
16:35 of 1st period - Shot Misses the Net.
16:37 of 1st period - Shot by Dylan DeMelo.
16:37 of 1st period - Deflect By Evgeny Kuznetsov.
16:37 of 1st period - Shot Misses the Net.
16:44 of 1st period - Filip Chytil is hit by Luke Schenn and loses puck.
16:53 of 1st period - Shot by Drake Batherson.
16:53 of 1st period - Stopped by Arturs Silovs without a rebound.
16:54 of 1st period - Alexander Wennberg wins face-off versus Adam Erne in Rangers zone.
17:00 of 1st period - Alexander Wennberg is hit by Riley Stillman and loses puck.
17:08 of 1st period - Icing by Nick Perbix.
17:09 of 1st period - Luke Kunin wins face-off versus Noel Acciari in Rangers zone.
18:20 of 1st period - Shot by Nathan Walker.
18:20 of 1st period - Stopped by Alex Nedeljkovic without a rebound.
18:21 of 1st period - Alexander Wennberg wins face-off versus Juuso Parssinen in MapleLeafs zone.
18:40 of 1st period - Shot by Jon Marchessault.
18:40 of 1st period - Shot Blocked by Artem Zub.
18:44 of 1st period - Shot by Jonathan Huberdeau.
18:44 of 1st period - Shot Misses the Net.
18:49 of 1st period - Jon Marchessault is hit by Caleb Jones and loses puck.
19:43 of 1st period - Shot by Drake Batherson.
19:43 of 1st period - Deflect By Filip Chytil.
19:43 of 1st period - Shot Misses the Net.
19:55 of 1st period - Shot by Jakub Lauko.
19:55 of 1st period - Deflect By Logan Brown.
19:55 of 1st period - Goal by Logan Brown - Rangers : 3 - MapleLeafs : 0.
19:56 of 1st period - Sean Monahan wins face-off versus Ryan Reaves in neutral zone.
Goals for this period are 3 for Rangers vs 0 for MapleLeafs.
Shots for this period are 13 for Rangers vs 13 for MapleLeafs.

2nd period


0:01 of 2nd period - Kent Johnson wins face-off versus Alexander Wennberg in neutral zone.
0:37 of 2nd period - Shot by Jon Marchessault.
0:37 of 2nd period - Shot Misses the Net.
1:32 of 2nd period - Minor Penalty to Ryan Reaves for Slashing.
1:33 of 2nd period - Alexander Wennberg wins face-off versus Luke Kunin in Rangers zone.
1:40 of 2nd period - Shot by Jonathan Huberdeau.
1:40 of 2nd period - Stopped by Arturs Silovs without a rebound.
1:41 of 2nd period - Logan Brown wins face-off versus Evgeny Kuznetsov in Rangers zone.
1:41 of 2nd period - Caleb Jones is hit by Evgeny Kuznetsov and loses puck.
1:46 of 2nd period - Shot by Drake Batherson.
1:46 of 2nd period - Stopped by Arturs Silovs without a rebound.
1:47 of 2nd period - Alexander Wennberg wins face-off versus Logan Brown in Rangers zone.
1:52 of 2nd period - Shot by Jon Marchessault.
1:52 of 2nd period - Shot Misses the Net.
2:42 of 2nd period - Shot by Nicolas Hague.
2:42 of 2nd period - Goal by Nicolas Hague - Rangers : 3 - MapleLeafs : 1.
2:43 of 2nd period - Yegor Chinakhov wins face-off versus Juuso Parssinen in neutral zone.
2:55 of 2nd period - Shot by Sean Monahan.
2:55 of 2nd period - Stopped by Arturs Silovs with a rebound.
2:57 of 2nd period - Shot by Sean Monahan.
2:57 of 2nd period - Stopped by Arturs Silovs without a rebound.
2:58 of 2nd period - Evgeny Kuznetsov wins face-off versus Luke Kunin in Rangers zone.
4:06 of 2nd period - Shot by Jesse Puljujarvi.
4:06 of 2nd period - Shot Blocked by Erik Cernak.
4:48 of 2nd period - Shot by Jakub Lauko.
4:48 of 2nd period - Stopped by Alex Nedeljkovic without a rebound.
4:49 of 2nd period - Sean Monahan wins face-off versus Kent Johnson in MapleLeafs zone.
4:56 of 2nd period - Nathan Walker is hit by Yegor Chinakhov and loses puck.
6:43 of 2nd period - Minor Penalty to Erik Cernak for Tripping.
6:44 of 2nd period - Noel Acciari wins face-off versus Jakub Lauko in MapleLeafs zone.
6:52 of 2nd period - Jakub Lauko is hit by Dylan DeMelo and loses puck.
7:12 of 2nd period - Off-side.
7:13 of 2nd period - Juuso Parssinen wins face-off versus Noel Acciari in neutral zone.
7:28 of 2nd period - Alexander Wennberg is hit by Luke Schenn and loses puck.
7:50 of 2nd period - Icing by Juuso Parssinen.
7:51 of 2nd period - Juuso Parssinen wins face-off versus Evgeny Kuznetsov in Rangers zone.
8:23 of 2nd period - Shot by Artem Zub.
8:23 of 2nd period - Stopped by Alex Nedeljkovic without a rebound.
8:24 of 2nd period - Noel Acciari wins face-off versus Ryan Lomberg in MapleLeafs zone.
8:42 of 2nd period - Artem Zub is hit by Alexander Romanov and loses puck.
9:01 of 2nd period - Shot by Jesse Puljujarvi.
9:01 of 2nd period - Stopped by Alex Nedeljkovic without a rebound.
9:02 of 2nd period - Evgeny Kuznetsov wins face-off versus Logan Brown in MapleLeafs zone.
9:38 of 2nd period - Jakub Lauko is hit by Evgeny Kuznetsov.
9:52 of 2nd period - Rasmus Sandin is hit by Logan Brown and loses puck.
10:10 of 2nd period - Mario Ferraro is hit by Alexander Romanov and loses puck.
10:23 of 2nd period - Eric Robinson is hit by Jon Marchessault and loses puck.
10:35 of 2nd period - Eric Robinson is hit by John Marino.
10:46 of 2nd period - Icing by John Marino.
10:47 of 2nd period - Luke Kunin wins face-off versus Alexander Wennberg in MapleLeafs zone.
10:48 of 2nd period - Shot by Adam Erne.
10:48 of 2nd period - Shot Misses the Net.
10:50 of 2nd period - Shot by Adam Erne.
10:50 of 2nd period - Stopped by Alex Nedeljkovic with a rebound.
10:56 of 2nd period - Shot by Luke Kunin.
10:56 of 2nd period - Stopped by Alex Nedeljkovic without a rebound.
10:57 of 2nd period - Sean Monahan wins face-off versus Luke Kunin in MapleLeafs zone.
11:15 of 2nd period - Shot by Kasperi Kapanen.
11:15 of 2nd period - Deflect By Yegor Chinakhov.
11:15 of 2nd period - Shot Misses the Net.
11:17 of 2nd period - Shot by Sean Monahan.
11:17 of 2nd period - Deflect By Yegor Chinakhov.
11:17 of 2nd period - Goal by Yegor Chinakhov - Rangers : 3 - MapleLeafs : 2.
11:18 of 2nd period - Kent Johnson wins face-off versus Noel Acciari in neutral zone.
11:32 of 2nd period - Shot by Noel Acciari.
11:32 of 2nd period - Shot Blocked by Mario Ferraro.
11:34 of 2nd period - Shot by Noel Acciari.
11:34 of 2nd period - Shot Misses the Net.
11:36 of 2nd period - Shot by Trent Frederic.
11:36 of 2nd period - Shot Misses the Net.
11:38 of 2nd period - Shot by Jonatan Berggren.
11:38 of 2nd period - Stopped by Arturs Silovs without a rebound.
11:39 of 2nd period - Alexander Wennberg wins face-off versus Luke Kunin in Rangers zone.
12:02 of 2nd period - Icing by Erik Cernak.
12:03 of 2nd period - Logan Brown wins face-off versus Jonathan Huberdeau in MapleLeafs zone.
12:03 of 2nd period - Logan Brown is hit by Erik Cernak.
12:11 of 2nd period - Shot by Jon Marchessault.
12:11 of 2nd period - Shot Blocked by Mario Ferraro.
13:02 of 2nd period - Shot by Jesse Puljujarvi.
13:02 of 2nd period - Deflect By Juuso Parssinen.
13:02 of 2nd period - Shot Blocked by Alexander Romanov.
13:04 of 2nd period - Shot by Nick Perbix.
13:04 of 2nd period - Shot Misses the Net.
13:08 of 2nd period - Shot by Eric Robinson.
13:08 of 2nd period - Stopped by Alex Nedeljkovic without a rebound.
13:09 of 2nd period - Luke Kunin wins face-off versus Sean Monahan in MapleLeafs zone.
13:16 of 2nd period - Shot by Caleb Jones.
13:16 of 2nd period - Shot Blocked by Rasmus Sandin.
13:18 of 2nd period - Shot by Adam Erne.
13:18 of 2nd period - Stopped by Alex Nedeljkovic without a rebound.
13:19 of 2nd period - Noel Acciari wins face-off versus Juuso Parssinen in MapleLeafs zone.
13:44 of 2nd period - Noel Acciari is hit by Jesse Puljujarvi and loses puck.
13:49 of 2nd period - Shot by Juuso Parssinen.
13:49 of 2nd period - Shot Hit the Post.
13:51 of 2nd period - Shot by Jesse Puljujarvi.
13:51 of 2nd period - Shot Blocked by Rasmus Sandin.
13:53 of 2nd period - Shot by Jesse Puljujarvi.
13:53 of 2nd period - Stopped by Alex Nedeljkovic without a rebound.
13:54 of 2nd period - Jakub Lauko wins face-off versus Alexander Wennberg in MapleLeafs zone.
14:11 of 2nd period - Shot by Kieffer Bellows.
14:11 of 2nd period - Shot Blocked by Erik Cernak.
14:19 of 2nd period - Shot by Logan Brown.
14:19 of 2nd period - Goal by Logan Brown - Rangers : 4 - MapleLeafs : 2.
14:20 of 2nd period - Evgeny Kuznetsov wins face-off versus Luke Kunin in neutral zone.
14:41 of 2nd period - Shot by Artem Zub.
14:41 of 2nd period - Shot Misses the Net.
14:43 of 2nd period - Shot by Adam Erne.
14:43 of 2nd period - Stopped by Alex Nedeljkovic without a rebound.
14:44 of 2nd period - Jonathan Huberdeau wins face-off versus Logan Brown in MapleLeafs zone.
14:44 of 2nd period - Jonathan Huberdeau is hit by Kieffer Bellows.
15:07 of 2nd period - Icing by Luke Schenn.
15:08 of 2nd period - Evgeny Kuznetsov wins face-off versus Logan Brown in Rangers zone.
16:01 of 2nd period - Shot by Eric Robinson.
16:01 of 2nd period - Stopped by Alex Nedeljkovic without a rebound.
16:02 of 2nd period - Alexander Wennberg wins face-off versus Luke Kunin in MapleLeafs zone.
17:01 of 2nd period - Shot by Juuso Parssinen.
17:01 of 2nd period - Shot Misses the Net.
17:03 of 2nd period - Shot by Juuso Parssinen.
17:03 of 2nd period - Deflect By Jesse Puljujarvi.
17:03 of 2nd period - Stopped by Alex Nedeljkovic without a rebound.
17:04 of 2nd period - Sean Monahan wins face-off versus Nathan Walker in MapleLeafs zone.
17:30 of 2nd period - Shot by Luke Schenn.
17:30 of 2nd period - Shot Misses the Net.
17:32 of 2nd period - Shot by Nathan Walker.
17:32 of 2nd period - Shot Misses the Net.
17:34 of 2nd period - Shot by Mario Ferraro.
17:34 of 2nd period - Shot Misses the Net.
17:44 of 2nd period - Shot by Kent Johnson.
17:44 of 2nd period - Shot Misses the Net.
17:46 of 2nd period - Shot by Luke Schenn.
17:46 of 2nd period - Stopped by Alex Nedeljkovic without a rebound.
17:47 of 2nd period - Drake Batherson wins face-off versus Juuso Parssinen in MapleLeafs zone.
18:02 of 2nd period - Shot by Evgeny Kuznetsov.
18:02 of 2nd period - Shot Hit the Post.
18:29 of 2nd period - Evgeny Kuznetsov is hit by Nick Perbix and loses puck.
18:56 of 2nd period - Dylan DeMelo is hit by Adam Erne and loses puck.
19:04 of 2nd period - Alexander Wennberg is hit by Luke Kunin and loses puck.
19:09 of 2nd period - Luke Kunin is hit by Jon Marchessault and loses puck.
19:56 of 2nd period - Shot by Yegor Chinakhov.
19:56 of 2nd period - Shot Blocked by Caleb Jones.
19:58 of 2nd period - Shot by Rasmus Sandin.
19:58 of 2nd period - Shot Blocked by Caleb Jones.
Goals for this period are 1 for Rangers vs 2 for MapleLeafs.
Shots for this period are 13 for Rangers vs 7 for MapleLeafs.

3rd period


0:01 of 3rd period - Alexander Wennberg wins face-off versus Logan Brown in neutral zone.
0:03 of 3rd period - Off-side.
0:04 of 3rd period - Alexander Wennberg wins face-off versus Kent Johnson in neutral zone.
0:38 of 3rd period - Shot by Jonathan Huberdeau.
0:38 of 3rd period - Shot Blocked by Logan Brown.
0:40 of 3rd period - Shot by Jonathan Huberdeau.
0:40 of 3rd period - Shot Misses the Net.
0:57 of 3rd period - Kent Johnson is hit by Drake Batherson.
1:05 of 3rd period - Luke Schenn is hit by Drake Batherson and loses puck.
1:17 of 3rd period - Minor Penalty to Filip Chytil for Interference.
1:18 of 3rd period - Noel Acciari wins face-off versus Jakub Lauko in MapleLeafs zone.
1:18 of 3rd period - Noel Acciari is hit by Ryan Lomberg.
1:58 of 3rd period - Shot by Artem Zub.
1:58 of 3rd period - Stopped by Alex Nedeljkovic without a rebound.
1:59 of 3rd period - Evgeny Kuznetsov wins face-off versus Juuso Parssinen in MapleLeafs zone.
2:14 of 3rd period - Shot by Caleb Jones.
2:14 of 3rd period - Shot Misses the Net.
2:16 of 3rd period - Shot by Juuso Parssinen.
2:16 of 3rd period - Stopped by Alex Nedeljkovic with a rebound.
2:18 of 3rd period - Shot by Caleb Jones.
2:18 of 3rd period - Shot Blocked by Dylan DeMelo.
2:20 of 3rd period - Shot by Artem Zub.
2:20 of 3rd period - Shot Blocked by Noel Acciari.
2:44 of 3rd period - Shot by Jonathan Huberdeau.
2:44 of 3rd period - Deflect By Evgeny Kuznetsov.
2:44 of 3rd period - Shot Misses the Net.
2:46 of 3rd period - Shot by Jonathan Huberdeau.
2:46 of 3rd period - Stopped by Arturs Silovs without a rebound.
2:47 of 3rd period - Evgeny Kuznetsov wins face-off versus Ryan Lomberg in Rangers zone.
2:50 of 3rd period - Shot by Jonathan Huberdeau.
2:50 of 3rd period - Shot Blocked by Mario Ferraro.
3:30 of 3rd period - Shot by Eric Robinson.
3:30 of 3rd period - Shot Misses the Net.
3:32 of 3rd period - Shot by Riley Stillman.
3:32 of 3rd period - Stopped by Alex Nedeljkovic without a rebound.
3:33 of 3rd period - Evgeny Kuznetsov wins face-off versus Juuso Parssinen in MapleLeafs zone.
3:33 of 3rd period - Evgeny Kuznetsov is hit by Jesse Puljujarvi.
3:58 of 3rd period - Shot by Filip Chytil.
3:58 of 3rd period - Shot Blocked by Riley Stillman.
4:23 of 3rd period - Icing by Riley Stillman.
4:24 of 3rd period - Alexander Wennberg wins face-off versus Juuso Parssinen in Rangers zone.
4:31 of 3rd period - Shot by Jon Marchessault.
4:31 of 3rd period - Stopped by Arturs Silovs without a rebound.
4:32 of 3rd period - Logan Brown wins face-off versus Alexander Wennberg in Rangers zone.
5:01 of 3rd period - Shot by Alexander Wennberg.
5:01 of 3rd period - Stopped by Arturs Silovs without a rebound.
5:02 of 3rd period - Sean Monahan wins face-off versus Luke Kunin in Rangers zone.
5:02 of 3rd period - Sean Monahan is hit by Luke Schenn.
5:18 of 3rd period - Shot by Sean Monahan.
5:18 of 3rd period - Stopped by Arturs Silovs without a rebound.
5:19 of 3rd period - Nathan Walker wins face-off versus Evgeny Kuznetsov in Rangers zone.
5:19 of 3rd period - Kent Johnson is hit by Drake Batherson and loses puck.
5:42 of 3rd period - Shot by Kent Johnson.
5:42 of 3rd period - Shot Misses the Net.
5:49 of 3rd period - Minor Penalty to Dylan DeMelo for Interference.
5:50 of 3rd period - Noel Acciari wins face-off versus Jakub Lauko in MapleLeafs zone.
6:03 of 3rd period - Shot by Mario Ferraro.
6:03 of 3rd period - Shot Misses the Net.
7:02 of 3rd period - Icing by Kieffer Bellows.
7:03 of 3rd period - Juuso Parssinen wins face-off versus Noel Acciari in Rangers zone.
7:34 of 3rd period - Icing by Caleb Jones.
7:35 of 3rd period - Juuso Parssinen wins face-off versus Noel Acciari in Rangers zone.
7:56 of 3rd period - Adam Erne is hit by Evgeny Kuznetsov and loses puck.
10:50 of 3rd period - Ryan Reaves is hit by Trent Frederic and loses puck.
10:57 of 3rd period - Shot by Nicolas Hague.
10:57 of 3rd period - Shot Blocked by Nick Perbix.
10:59 of 3rd period - Shot by Noel Acciari.
10:59 of 3rd period - Shot Blocked by Riley Stillman.
11:01 of 3rd period - Shot by Rasmus Sandin.
11:01 of 3rd period - Stopped by Arturs Silovs without a rebound.
11:02 of 3rd period - Evgeny Kuznetsov wins face-off versus Kent Johnson in Rangers zone.
11:25 of 3rd period - Shot by Filip Chytil.
11:25 of 3rd period - Shot Blocked by Mario Ferraro.
11:27 of 3rd period - Shot by Evgeny Kuznetsov.
11:27 of 3rd period - Stopped by Arturs Silovs without a rebound.
11:28 of 3rd period - Sean Monahan wins face-off versus Luke Kunin in Rangers zone.
11:28 of 3rd period - Dylan DeMelo is hit by Riley Stillman and loses puck.
11:44 of 3rd period - Off-side.
11:45 of 3rd period - Juuso Parssinen wins face-off versus Alexander Wennberg in neutral zone.
12:18 of 3rd period - Shot by Jon Marchessault.
12:18 of 3rd period - Shot Blocked by Juuso Parssinen.
12:20 of 3rd period - Shot by Jonathan Huberdeau.
12:20 of 3rd period - Stopped by Arturs Silovs without a rebound.
12:21 of 3rd period - Luke Kunin wins face-off versus Evgeny Kuznetsov in Rangers zone.
12:32 of 3rd period - Nicolas Hague is hit by Luke Kunin and loses puck.
12:45 of 3rd period - Shot by Luke Kunin.
12:45 of 3rd period - Shot Misses the Net.
13:18 of 3rd period - Icing by Riley Stillman.
13:19 of 3rd period - Alexander Wennberg wins face-off versus Logan Brown in Rangers zone.
13:22 of 3rd period - Shot by Alexander Wennberg.
13:22 of 3rd period - Stopped by Arturs Silovs without a rebound.
13:23 of 3rd period - Logan Brown wins face-off versus Alexander Wennberg in Rangers zone.
13:28 of 3rd period - John Marino is hit by Jakub Lauko and loses puck.
14:21 of 3rd period - Shot by Jesse Puljujarvi.
14:21 of 3rd period - Deflect By Juuso Parssinen.
14:21 of 3rd period - Shot Misses the Net.
14:51 of 3rd period - Shot by Jesse Puljujarvi.
14:51 of 3rd period - Shot Blocked by Evgeny Kuznetsov.
14:53 of 3rd period - Shot by Eric Robinson.
14:53 of 3rd period - Shot Misses the Net.
15:08 of 3rd period - Luke Kunin is hit by Erik Cernak and loses puck.
15:11 of 3rd period - Shot by Adam Erne.
15:11 of 3rd period - Shot Misses the Net.
15:13 of 3rd period - Shot by Ryan Reaves.
15:13 of 3rd period - Shot Misses the Net.
15:29 of 3rd period - Shot by Ryan Reaves.
15:29 of 3rd period - Shot Misses the Net.
15:33 of 3rd period - Shot by Mario Ferraro.
15:33 of 3rd period - Stopped by Alex Nedeljkovic without a rebound.
15:34 of 3rd period - Sean Monahan wins face-off versus Kent Johnson in MapleLeafs zone.
15:34 of 3rd period - Kasperi Kapanen is hit by Nathan Walker and loses puck.
15:45 of 3rd period - Shot by Nathan Walker.
15:45 of 3rd period - Goal by Nathan Walker - Rangers : 5 - MapleLeafs : 2.
15:46 of 3rd period - Logan Brown wins face-off versus Noel Acciari in neutral zone.
15:46 of 3rd period - Nick Perbix is hit by Jonatan Berggren and loses puck.
16:01 of 3rd period - Shot by Kieffer Bellows.
16:01 of 3rd period - Shot Misses the Net.
16:03 of 3rd period - Shot by Riley Stillman.
16:03 of 3rd period - Shot Blocked by Nicolas Hague.
16:06 of 3rd period - Logan Brown is hit by Rasmus Sandin and loses puck.
17:09 of 3rd period - Icing by Mario Ferraro.
17:10 of 3rd period - Juuso Parssinen wins face-off versus Alexander Wennberg in Rangers zone.
17:43 of 3rd period - Shot by Artem Zub.
17:43 of 3rd period - Shot Blocked by Alexander Wennberg.
17:55 of 3rd period - Alexander Wennberg is hit by Luke Kunin and loses puck.
18:03 of 3rd period - Off-side.
18:04 of 3rd period - Kent Johnson wins face-off versus Drake Batherson in neutral zone.
18:09 of 3rd period - Shot by Kent Johnson.
18:09 of 3rd period - Stopped by Alex Nedeljkovic without a rebound.
18:10 of 3rd period - Evgeny Kuznetsov wins face-off versus Kent Johnson in MapleLeafs zone.
18:36 of 3rd period - Shot by Nathan Walker.
18:36 of 3rd period - Shot Misses the Net.
19:07 of 3rd period - Off-side.
19:08 of 3rd period - Luke Kunin wins face-off versus Alexander Wennberg in neutral zone.
19:19 of 3rd period - Shot by Luke Kunin.
19:19 of 3rd period - Stopped by Alex Nedeljkovic without a rebound.
19:20 of 3rd period - Juuso Parssinen wins face-off versus Kasperi Kapanen in MapleLeafs zone.
19:51 of 3rd period - Juuso Parssinen is hit by Nicolas Hague and loses puck.
Goals for this period are 1 for Rangers vs 0 for MapleLeafs.
Shots for this period are 7 for Rangers vs 8 for MapleLeafs.